 Dungeon Crawl Stone Soup version 0.20.1-1-g8b1a95d (webtiles) character file.

67 Agrougrou the Skirmisher (level 4, 36/36 HPs)
             Began as a Demonspawn Monk on July 13, 2017.
             Quit the game on level 2 of the Dungeon.
             The game lasted 00:03:51 (1280 turns).

Agrougrou the Skirmisher (Demonspawn Monk)          Turns: 1280, Time: 00:03:52

Health: 36/36      AC:  5    Str: 12    XL:     4   Next: 0%
Magic:  4/4        EV: 12    Int: 12    God:
Gold:   49         SH:  0    Dex: 15    Spells: 3/3 levels left

rFire    . . .     SeeInvis .   a - +0 hand axe
rCold    . . .     Gourm    .   (no shield)
rNeg     . . .     Faith    .   l - +0 ring mail
rPois    .         Spirit   .   (no helmet)
rElec    .         Reflect  .   (no cloak)
rCorr    .         Harm     .   (no gloves)
MR       .....                  (no boots)
Stlth    +.........             (no amulet)
Regen    0.2/turn               (no ring)
MPRegen  0.1/turn               (no ring)

@: no status effects
A: hooves 1, spiny 1, rot immunity
a: no special abilities


You were on level 2 of the Dungeon.
You were not hungry.

You visited 1 branch of the dungeon, and saw 2 of its levels.

You collected 49 gold pieces.

Inventory:

Hand Weapons
 a - a +0 hand axe (weapon)
Armour
 l - a +0 ring mail (worn)
Jewellery
 b - an uncursed ring of fire {unknown}
Scrolls
 g - a scroll of magic mapping {unknown}
 i - a scroll of noise {unknown}
 n - a scroll of teleportation {unknown}
Potions
 e - a potion of curing {unknown}
 j - a potion of brilliance {unknown}
 k - 3 potions of magic {unknown}
 o - a potion of lignification {unknown}
Comestibles
 c - a bread ration
 f - 5 chunks of flesh
 h - a royal jelly
 m - a meat ration


   Skills:
 + Level 3.6 Fighting
 + Level 3.5 Axes
 + Level 3.3 Dodging
 - Level 1.7 Stealth


You had 3 spell levels left.
You didn't know any spells.

Dungeon Overview and Level Annotations

Branches:
Dungeon (2/15)

Altars:


Innate Abilities, Weirdness & Mutations

You have large cloven feet.
You are partially covered in sharp spines.
You are immune to rotting.


Message History

A rat and a hobgoblin come into view.
The hobgoblin shouts!
A bat comes into view.
The bat closely misses you.
You hit the bat.
The bat is severely wounded.
The bat misses you.
You hit the hobgoblin.
The hobgoblin is lightly wounded.
The bat barely misses you. The hobgoblin barely misses you.
The hobgoblin completely misses you.
You hit the hobgoblin.
You kill the hobgoblin!
You have reached level 4!
You feel clever.
Your demonic ancestry asserts itself...
Sharp spines emerge from parts of your body.
You barely miss the rat. The bat barely misses you. x2
The rat barely misses you.
An ooze comes into view.
Are you sure you want to abandon this character and quit the game? (Confirm with "yes".)

#.#..# ....# # ####
#.#.#..#.....##### ....
#.#.#............. .....
#.#.#.######.##### .....
#.#.#........#####
......#.#...............
......#.#..............)
......r.#.#########.....
......b@..........'.....
.....J###.#########.....
###.. #.# #..... #. #.#
#..... # #+# #.....
#####..... ..........
#######'## ######.##


You could see an ooze (wandering), a bat and a rat.

Vanquished Creatures
  2 adders (D:2)
  An ooze (D:1)
  A dart slug (D:1)
  3 leopard geckos
  A ball python (D:2)
  3 bats
  7 goblins
  5 hobgoblins
  2 jackals (D:1)
  2 frilled lizards (D:1)
  4 kobolds
  9 rats
40 creatures vanquished.

Notes
Turn   | Place    | Note
-------+----------+-------------------------------------------
     0 | D:1      | Agrougrou the Demonspawn Monk began the quest for the Orb.
     0 | D:1      | Reached XP level 1. HP: 18/18 MP: 1/1
   289 | D:1      | Gained mutation: You have large cloven feet. [demonic ancestry]
   289 | D:1      | Reached XP level 2. HP: 22/24 MP: 2/2
   529 | D:1      | Gained mutation: You are immune to rotting. [demonic ancestry]
   529 | D:1      | Reached XP level 3. HP: 25/29 MP: 3/3
  1279 | D:2      | Gained mutation: You are partially covered in sharp spines. [demonic ancestry]
  1279 | D:2      | Reached XP level 4. HP: 36/36 MP: 4/4
  1280 | D:2      | Quit the game

Skill      XL: |  1  2 |
---------------+-------+-----
Axes           | 3 |  3.5
Dodging        | 3 |  3.3
Fighting       | |  3.6
Stealth        | |  1.7

Action                   |  1- 3 |  4- 6 || total
-------------------------+-------+-------++-------
Melee: Hand axe          |   116 |       ||   116
       Kick              |    18 |       ||    18
  Use: Potion            |     1 |       ||     1
 Stab: Sleeping          |     3 |       ||     3
  Eat: Chunk             |     1 |       ||     1
Armor: Robe              |     8 |       ||     8
       Ring mail         |    20 |       ||    20
Dodge: Dodged            |    80 |     3 ||    83
